Sasquatch vs Senators
(R2)
Created - 27 novembre 2016 at 00:09
Goals
|
| Sasquatch |
1 |
2 |
1 |
4 |
| Senators |
6 |
2 |
1 |
9 |
|
Shots
|
| Sasquatch |
12 |
13 |
5 |
30 |
| Senators |
20 |
12 |
5 |
37 |
|
1st period
1. Senators , Andy Hilbert 2 (Jack Skille, Josh Hennessy) at 3:35 (PP)
2. Senators , Sergei Kostitsyn 10 (Cody Hodgson) at 5:07
3. Senators , Sergei Kostitsyn 11 (Cody Hodgson, Jeff Petry) at 5:43
4. Senators , Marc-André Bernier 1 (Mark Olver, Patrick Wey) at 12:37
5. Senators , Matt Frattin 3 (Shane Sims, Logan Stephenson) at 17:44
6. Sasquatch , Jason Akeson 9 (Mikael Backlund, Nick Leddy) at 18:26
7. Senators , Cody Hodgson 13 (Sergei Kostitsyn, Stanislav Chistov) at 18:38
Penalties :
Yann Sauvé (Gat) for Roughing (Minor) at 2:59, Cody Hodgson (BIN) for Hooking (Minor) at 15:20
2nd period
8. Senators , Cody Hodgson 14 (Sergei Kostitsyn, Stanislav Chistov) at 7:21
9. Senators , Cody Hodgson 15 (Sergei Kostitsyn, Marc-André Bernier) at 12:35
10. Sasquatch , D.J King 5 (Stephane Da Costa, Yannick Weber) at 15:50 (PP)
11. Sasquatch , Lars Eller 8 (Josh Bailey, Stephane Da Costa) at 18:53
Penalties :
Andy Hilbert (BIN) for High sticking (Minor) at 4:28, Mikael Backlund (Gat) for Hooking (Minor) at 7:36, Gabriel Bourque (BIN) for Boarding (Minor) at 14:47, Logan Stephenson (BIN) for Slashing (Minor) at 19:54
3rd period
12. Sasquatch , Linus Omark 9 (Mikael Backlund) at 7:55
13. Senators , Cody Hodgson 16 (Sergei Kostitsyn, Stanislav Chistov) at 14:34 (PP)
Penalties :
Jeff Petry (BIN) for Tripping (Minor) at 7:58, Drew Shore (Gat) for Kneeing (Minor) at 10:24, Arturs Kulda (Gat) for Hooking (Minor) at 13:06, Logan Stephenson (BIN) for Holding (Minor) at 16:52
Goalie Stats
Corey Crawford (Gat), 15 saves from 20 shots - (0,750), 40:02 minutes
Jake Allen (Gat), 13 saves from 17 shots - (0,765), L, 0-2-0, 19:58 minutes
Marc Denis (BIN), 26 saves from 30 shots - (0,867), W, 1-0-0, 60:00 minutes
Players Stats for Sasquatch
Player Name G A P +/- PIM S H SB GA TA FO MP PP MP PK MP
------------------------------------------------------------------------------------
Arturs Kulda 0 0 0 -1 2 1 0 0 0 0 0/0 19:17 4:26 2:55
Brock Trotter 0 0 0 0 0 0 0 0 1 0 1/2 7:10 0:00 2:00
D.J King 1 0 1 -2 0 1 3 0 0 0 1/1 20:47 4:56 3:34
Drew Shore 0 0 0 0 2 0 3 0 0 0 3/4 7:25 0:00 2:16
Garnet Hathaway 0 0 0 -2 0 0 2 0 0 0 0/1 12:01 0:09 0:00
Jason Akeson 1 0 1 -1 0 4 2 0 0 0 0/1 20:07 5:53 0:00
Jesper Fast 0 0 0 -1 0 2 1 0 0 0 0/0 11:19 0:00 0:00
Jonathan Blum 0 0 0 -1 0 0 2 0 0 0 0/0 22:02 6:32 2:12
Josh Bailey 0 1 1 -1 0 4 1 0 0 0 0/0 12:05 0:00 0:46
Lars Eller 1 0 1 -1 0 2 1 0 0 0 2/4 12:37 0:00 1:18
Linus Omark 1 0 1 -1 0 6 0 0 2 1 0/0 21:34 6:02 1:18
Mikael Backlund 0 2 2 -1 2 2 0 0 1 1 19/35 20:32 6:02 0:00
Nick Leddy 0 1 1 -2 0 1 1 0 2 2 0/0 26:43 6:32 1:31
Radko Gudas 0 0 0 -2 0 3 3 0 0 0 0/0 20:01 0:00 2:12
Ryan Strome 0 0 0 0 0 0 2 0 0 0 0/0 10:10 4:56 0:00
Stephane Da Costa 0 2 2 -2 0 3 1 0 1 0 6/15 18:09 4:56 0:52
Yann Sauvé 0 0 0 -1 2 0 2 2 0 1 0/0 15:51 0:00 3:14
Yannick Weber 0 1 1 -1 0 1 0 1 0 0 0/0 16:04 4:26 0:00
Players Stats for Senators
Player Name G A P +/- PIM S H SB GA TA FO MP PP MP PK MP
------------------------------------------------------------------------------------
Andy Hilbert 1 0 1 1 2 3 0 1 0 0 0/1 14:23 2:15 5:24
Cody Hodgson 4 2 6 4 2 6 2 0 2 0 13/26 19:36 3:31 1:58
Gabriel Bourque 0 0 0 0 2 2 0 1 0 0 0/0 14:02 0:16 1:55
Jack Skille 0 1 1 0 0 0 1 1 1 1 1/1 12:43 2:15 0:00
Jaden Schwartz 0 0 0 -1 0 1 1 1 0 0 0/0 10:49 0:16 0:19
Jeff Petry 0 1 1 2 2 3 0 1 0 1 0/0 18:11 2:09 3:46
Josh Hennessy 0 1 1 0 0 4 0 1 0 0 4/9 12:52 2:15 0:09
Logan Stephenson 0 1 1 1 4 4 1 3 0 1 0/0 27:44 3:53 3:58
Marc-André Bernier 1 1 2 1 0 1 0 0 0 0 0/0 7:11 0:16 0:00
Mark Olver 0 1 1 1 0 0 0 0 0 0 2/7 10:46 0:00 2:39
Martin Marincin 0 0 0 1 0 0 0 0 0 1 0/0 10:53 0:00 0:00
Matt Frattin 1 0 1 -1 0 2 0 0 0 0 0/1 10:16 0:00 0:00
Nick Bjugstad 0 0 0 -1 0 0 1 0 0 0 3/7 11:40 0:00 1:21
Nicolas Deslauriers 0 0 0 1 0 0 0 0 0 0 0/0 15:15 0:00 3:14
Patrick Wey 0 1 1 2 0 0 1 1 0 0 0/0 18:52 2:09 4:29
Sergei Kostitsyn 2 4 6 4 0 9 2 1 1 1 7/10 23:21 3:31 5:43
Shane Sims 0 1 1 1 0 1 2 0 0 2 0/0 30:15 3:53 6:29
Stanislav Chistov 0 3 3 4 0 1 0 0 1 0 1/1 20:07 3:31 2:28
3 Stars
1 - Cody Hodgson (BIN)
2 - Sergei Kostitsyn (BIN)
3 - Stanislav Chistov (BIN)
Power Play
Sasquatch - 1 on 6 Attempt(s) - 16,67%
Senators - 2 on 4 Attempt(s) - 50,00%
Penalty Kill
Sasquatch - 2 on 4 Attempt(s) - 50,00%
- Score 0 goal in Penalty Kill
Senators - 5 on 6 Attempt(s) - 83,33%
- Score 0 goal in Penalty Kill
Team Stat
Sasquatch - Hits : 24 - Faceoff Wins : 32 - Blocked Shots : 3 - Penalty Minutes : 8
Senators - Hits : 11 - Faceoff Wins : 31 - Blocked Shots : 11 - Penalty Minutes : 12
Official
Referees : Ciamaga Chris and Leggo Mike
Linesman : Tim Nowak and Tony Sericolo
Game Notes
Jake Allen enters game at 12:37 of 1st period
Cody Hodgson has scored a Hat Trick!
Corey Crawford enters game at 12:35 of 2nd period
Finance
Level 1 -- Attendance: 1518 (75,90%) -- Ticket Income 42 504 $
Level 2 -- Attendance: 736 (73,60%) -- Ticket Income 7 360 $
Total Attendance: 2254 (75,13%)
Total Ticket Income: 49 864 $
Other Income: 2 493 $
Total Income: 52 357 $
Sasquatch
5 vs 5 Forward
Center Left Wing Right Wing Time % Phy DF OF
1 Mikael Backlund Linus Omark Jason Akeson 40 1 2 2
2 Stephane Da Costa D.J King Garnet Hathaway 30 1 2 2
3 Lars Eller Josh Bailey Jesper Fast 20 1 2 2
4 Drew Shore Brock Trotter Ryan Strome 10 1 2 2
5 vs 5 Defense
Defense Defense Time % Phy DF OF
1 Nick Leddy Radko Gudas 40 1 2 2
2 Yann Sauvé Jonathan Blum 30 1 2 2
3 Yannick Weber Arturs Kulda 20 1 2 2
4 Jonathan Blum Nick Leddy 10 1 2 2
PowerPlay Forward
Center Left Wing Right Wing Time % Phy DF OF
1 Mikael Backlund Linus Omark Jason Akeson 60 1 2 2
2 Stephane Da Costa D.J King Ryan Strome 40 1 2 2
PowerPlay Defense
Defense Defense Time % Phy DF OF
1 Nick Leddy Jonathan Blum 60 1 2 2
2 Yannick Weber Arturs Kulda 40 1 2 2
Penalty Kill 4 Players Forward
Center Wing Time % Phy DF OF
1 Drew Shore D.J King 60 1 2 2
2 Lars Eller Linus Omark 40 1 2 2
Penalty Kill 4 Players Defense
Defense Defense Time % Phy DF OF
1 Arturs Kulda Yann Sauvé 60 1 2 2
2 Jonathan Blum Radko Gudas 40 1 2 2
Penalty Kill - 3 Players Forward
Forward Time % Phy DF OF
1 Lars Eller 60 1 2 2
2 Drew Shore 40 1 2 2
Penalty Kill - 3 Players Defense
Defense Defense Time % Phy DF OF
1 Radko Gudas Arturs Kulda 60 1 2 2
2 Yann Sauvé Jonathan Blum 40 1 2 2
4 vs 4 Forward
Center Wing Time % Phy DF OF
1 Mikael Backlund D.J King 60 1 2 2
2 Stephane Da Costa Linus Omark 40 1 2 2
4 vs 4 Defense
Defense Defense Time % Phy DF OF
1 Arturs Kulda Radko Gudas 60 1 2 2
2 Yann Sauvé Jonathan Blum 40 1 2 2
Last Minutes Offensive
Center Left Wing Right Wing Defense Defense
Mikael Backlund Linus Omark Jason Akeson Nick Leddy Yannick Weber
Last Minutes Defensive
Center Left Wing Right Wing Defense Defense
Drew Shore D.J King Garnet Hathaway Yann Sauvé Arturs Kulda
Goaltenders
Starting : Corey Crawford
Backup : Jake Allen
Extra Forwards
Normal : D.J King, Drew Shore, Brock Trotter - PP : Mikael Backlund, Linus Omark - PK : Brock Trotter
Extra Defensemen
Normal : Jonathan Blum, Radko Gudas, Nick Leddy - PP : Yann Sauvé - PK : Nick Leddy, Yannick Weber
Penalty Shots
Linus Omark, Mikael Backlund, Lars Eller, Jason Akeson, Ryan Strome
Senators
5 vs 5 Forward
Center Left Wing Right Wing Time % Phy DF OF
1 Cody Hodgson Sergei Kostitsyn Stanislav Chistov 40 1 2 2
2 Josh Hennessy Gabriel Bourque Jack Skille 30 1 2 2
3 Nick Bjugstad Jaden Schwartz Matt Frattin 20 1 2 2
4 Mark Olver Andy Hilbert Marc-André Bernier 10 1 2 2
5 vs 5 Defense
Defense Defense Time % Phy DF OF
1 Logan Stephenson Shane Sims 40 1 2 2
2 Jeff Petry Patrick Wey 30 1 2 2
3 Martin Marincin Nicolas Deslauriers 20 1 2 2
4 Logan Stephenson Shane Sims 10 1 2 2
PowerPlay Forward
Center Left Wing Right Wing Time % Phy DF OF
1 Cody Hodgson Sergei Kostitsyn Stanislav Chistov 60 1 2 2
2 Josh Hennessy Andy Hilbert Jack Skille 40 1 2 2
PowerPlay Defense
Defense Defense Time % Phy DF OF
1 Logan Stephenson Shane Sims 60 1 2 2
2 Jeff Petry Patrick Wey 40 1 2 2
Penalty Kill 4 Players Forward
Center Wing Time % Phy DF OF
1 Sergei Kostitsyn Andy Hilbert 60 1 2 2
2 Cody Hodgson Stanislav Chistov 40 1 2 2
Penalty Kill 4 Players Defense
Defense Defense Time % Phy DF OF
1 Logan Stephenson Shane Sims 60 1 2 2
2 Jeff Petry Patrick Wey 40 1 2 2
Penalty Kill - 3 Players Forward
Forward Time % Phy DF OF
1 Sergei Kostitsyn 60 1 2 2
2 Andy Hilbert 40 1 2 2
Penalty Kill - 3 Players Defense
Defense Defense Time % Phy DF OF
1 Logan Stephenson Shane Sims 60 1 2 2
2 Jeff Petry Patrick Wey 40 1 2 2
4 vs 4 Forward
Center Wing Time % Phy DF OF
1 Sergei Kostitsyn Andy Hilbert 60 1 2 2
2 Cody Hodgson Stanislav Chistov 40 1 2 2
4 vs 4 Defense
Defense Defense Time % Phy DF OF
1 Logan Stephenson Shane Sims 60 1 2 2
2 Jeff Petry Patrick Wey 40 1 2 2
Last Minutes Offensive
Center Left Wing Right Wing Defense Defense
Cody Hodgson Sergei Kostitsyn Stanislav Chistov Logan Stephenson Shane Sims
Last Minutes Defensive
Center Left Wing Right Wing Defense Defense
Cody Hodgson Sergei Kostitsyn Stanislav Chistov Logan Stephenson Shane Sims
Goaltenders
Starting : Marc Denis
Backup : Jeff Frazee
Extra Forwards
Normal : Gabriel Bourque, Jaden Schwartz, Mark Olver - PP : Gabriel Bourque, Jaden Schwartz - PK : Mark Olver
Extra Defensemen
Normal : Martin Marincin, Nicolas Deslauriers, Jeff Petry - PP : Martin Marincin - PK : Nicolas Deslauriers, Jeff Petry
Penalty Shots
Sergei Kostitsyn, Andy Hilbert, Cody Hodgson, Stanislav Chistov, Josh Hennessy
% Time on Ice - Sasquatch
Lines # - Real PCT - Wanted PCT - Time Play
Normal Forward
1 - 34% - 40% - 14:35
2 - 28% - 30% - 12:00
3 - 26% - 20% - 11:19
4 - 12% - 10% - 5:06
Normal Defense
1 - 41% - 40% - 17:27
2 - 31% - 30% - 13:20
3 - 24% - 20% - 10:26
4 - 4% - 10% - 1:47
PP Forward
1 - 55% - 60% - 6:02
2 - 45% - 40% - 4:56
PP Defense
1 - 60% - 60% - 6:32
2 - 40% - 40% - 4:26
PK Forward
1 - 78% - 60% - 4:44
2 - 22% - 40% - 1:18
PK Defense
1 - 64% - 60% - 3:50
2 - 36% - 40% - 2:12
PK3 Forward
1 - 0% - 60%
2 - 0% - 40%
PK3 Defense
1 - 0% - 60%
2 - 0% - 40%
44 Forward
1 - 0% - 60%
2 - 0% - 40%
44 Defense
1 - 0% - 60%
2 - 0% - 40%
Last Minute Offensive - 0:00
Last Minute Defensive - 0:00
Total
Forward - 60:00
Defense - 60:00
|
% Time on Ice - Senators
Lines # - Real PCT - Wanted PCT - Time Play
Normal Forward
1 - 36% - 40% - 15:34
2 - 24% - 30% - 10:29
3 - 24% - 20% - 10:16
4 - 16% - 10% - 6:41
Normal Defense
1 - 43% - 40% - 18:27
2 - 28% - 30% - 12:14
3 - 25% - 20% - 10:53
4 - 3% - 10% - 1:26
PP Forward
1 - 63% - 60% - 3:47
2 - 37% - 40% - 2:15
PP Defense
1 - 64% - 60% - 3:53
2 - 36% - 40% - 2:09
PK Forward
1 - 78% - 60% - 8:30
2 - 22% - 40% - 2:28
PK Defense
1 - 64% - 60% - 7:04
2 - 36% - 40% - 3:54
PK3 Forward
1 - 0% - 60%
2 - 0% - 40%
PK3 Defense
1 - 0% - 60%
2 - 0% - 40%
44 Forward
1 - 0% - 60%
2 - 0% - 40%
44 Defense
1 - 0% - 60%
2 - 0% - 40%
Last Minute Offensive - 0:00
Last Minute Defensive - 0:00
Total
Forward - 60:00
Defense - 60:00
|
Play by Play
1st period
0:01 of 1st period - Cody Hodgson wins face-off versus Mikael Backlund in neutral zone.
0:26 of 1st period - Slapshot by Matt Frattin.
0:26 of 1st period - Stopped by Corey Crawford without a rebound.
0:27 of 1st period - Nick Bjugstad wins face-off versus Garnet Hathaway in Sasquatch zone.
1:01 of 1st period - Snap shot by Josh Hennessy.
1:01 of 1st period - Shot Misses the Net.
1:03 of 1st period - Snap shot by Jeff Petry.
1:03 of 1st period - Deflect By Jonathan Blum.
1:03 of 1st period - Stopped by Corey Crawford without a rebound.
1:04 of 1st period - Drew Shore wins face-off versus Mark Olver in Sasquatch zone.
1:17 of 1st period - Slapshot by Drew Shore.
1:17 of 1st period - Shot Blocked by Andy Hilbert.
2:39 of 1st period - Off-side.
2:40 of 1st period - Mikael Backlund wins face-off versus Cody Hodgson in neutral zone.
2:49 of 1st period - Backhand shot by Linus Omark.
2:49 of 1st period - Stopped by Marc Denis without a rebound.
2:50 of 1st period - Cody Hodgson wins face-off versus Mikael Backlund in Senators zone.
2:59 of 1st period - Minor Penalty to Yann Sauvé for Roughing.
3:00 of 1st period - Drew Shore wins face-off versus Cody Hodgson in Sasquatch zone.
3:35 of 1st period - Snap shot by Andy Hilbert.
3:35 of 1st period - Goal by Andy Hilbert - Sasquatch : 0 - Senators : 1.
3:36 of 1st period - Stephane Da Costa wins face-off versus Cody Hodgson in neutral zone.
3:41 of 1st period - Wrist shot by Nick Leddy.
3:41 of 1st period - Shot Misses the Net.
3:51 of 1st period - Wrist shot by D.J King.
3:51 of 1st period - Shot Misses the Net.
4:34 of 1st period - Icing by Logan Stephenson.
4:35 of 1st period - Stephane Da Costa wins face-off versus Mark Olver in Senators zone.
4:36 of 1st period - Wrist shot by D.J King.
4:36 of 1st period - Shot Misses the Net.
4:50 of 1st period - Snap shot by D.J King.
4:50 of 1st period - Deflect By Stephane Da Costa.
4:50 of 1st period - Stopped by Marc Denis with a rebound.
5:01 of 1st period - Off-side.
5:02 of 1st period - Cody Hodgson wins face-off versus Mikael Backlund in neutral zone.
5:07 of 1st period - Snap shot by Cody Hodgson.
5:07 of 1st period - Deflect By Sergei Kostitsyn.
5:07 of 1st period - Goal by Sergei Kostitsyn - Sasquatch : 0 - Senators : 2.
5:08 of 1st period - Cody Hodgson wins face-off versus Mikael Backlund in neutral zone.
5:13 of 1st period - Wrist shot by Cody Hodgson.
5:13 of 1st period - Stopped by Corey Crawford with a rebound.
5:15 of 1st period - Snap shot by Cody Hodgson.
5:15 of 1st period - Shot Misses the Net.
5:17 of 1st period - Wrist shot by Stanislav Chistov.
5:17 of 1st period - Deflect By Sergei Kostitsyn.
5:17 of 1st period - Stopped by Corey Crawford without a rebound.
5:18 of 1st period - Cody Hodgson wins face-off versus Mikael Backlund in Sasquatch zone.
5:21 of 1st period - Snap shot by Sergei Kostitsyn.
5:21 of 1st period - Shot Misses the Net.
5:33 of 1st period - Wrist shot by Sergei Kostitsyn.
5:33 of 1st period - Shot Blocked by Yann Sauvé.
5:35 of 1st period - Snap shot by Sergei Kostitsyn.
5:35 of 1st period - Shot Blocked by Yann Sauvé.
5:43 of 1st period - Wrist shot by Sergei Kostitsyn.
5:43 of 1st period - Goal by Sergei Kostitsyn - Sasquatch : 0 - Senators : 3.
5:44 of 1st period - Josh Hennessy wins face-off versus Stephane Da Costa in neutral zone.
6:16 of 1st period - Snap shot by Lars Eller.
6:16 of 1st period - Shot Misses the Net.
6:18 of 1st period - Slapshot by Jonathan Blum.
6:18 of 1st period - Shot Misses the Net.
6:54 of 1st period - Slapshot by Linus Omark.
6:54 of 1st period - Shot Misses the Net.
6:56 of 1st period - Snap shot by Yann Sauvé.
6:56 of 1st period - Shot Misses the Net.
6:58 of 1st period - Slapshot by Jonathan Blum.
6:58 of 1st period - Shot Blocked by Josh Hennessy.
7:00 of 1st period - Wrist shot by Linus Omark.
7:00 of 1st period - Shot Blocked by Gabriel Bourque.
7:02 of 1st period - Slapshot by Linus Omark.
7:02 of 1st period - Shot Misses the Net.
7:04 of 1st period - Slapshot by Linus Omark.
7:04 of 1st period - Shot Misses the Net.
7:32 of 1st period - Matt Frattin is hit by Yann Sauvé and loses puck.
7:48 of 1st period - Icing by Matt Frattin.
7:49 of 1st period - D.J King wins face-off versus Nick Bjugstad in Senators zone.
7:54 of 1st period - Wrist shot by Stephane Da Costa.
7:54 of 1st period - Shot Misses the Net.
7:56 of 1st period - Slapshot by Radko Gudas.
7:56 of 1st period - Shot Misses the Net.
7:58 of 1st period - Snap shot by Nick Leddy.
7:58 of 1st period - Shot Misses the Net.
8:00 of 1st period - Slapshot by Radko Gudas.
8:00 of 1st period - Deflect By Nick Bjugstad.
8:00 of 1st period - Stopped by Marc Denis without a rebound.
8:01 of 1st period - Cody Hodgson wins face-off versus Stephane Da Costa in Senators zone.
9:40 of 1st period - Wrist shot by Stephane Da Costa.
9:40 of 1st period - Shot Misses the Net.
9:46 of 1st period - Slapshot by Josh Hennessy.
9:46 of 1st period - Stopped by Corey Crawford with a rebound.
10:34 of 1st period - Martin Marincin is hit by Stephane Da Costa and loses puck.
10:45 of 1st period - Snap shot by Cody Hodgson.
10:45 of 1st period - Shot Misses the Net.
10:47 of 1st period - Wrist shot by Sergei Kostitsyn.
10:47 of 1st period - Stopped by Corey Crawford with a rebound.
10:59 of 1st period - Slapshot by Josh Hennessy.
10:59 of 1st period - Stopped by Corey Crawford with a rebound.
11:01 of 1st period - Snap shot by Josh Hennessy.
11:01 of 1st period - Stopped by Corey Crawford with a rebound.
11:13 of 1st period - Logan Stephenson is hit by Nick Leddy and loses puck.
11:24 of 1st period - Arturs Kulda is hit by Jaden Schwartz and loses puck.
11:29 of 1st period - Wrist shot by Matt Frattin.
11:29 of 1st period - Shot Misses the Net.
11:54 of 1st period - Lars Eller is hit by Patrick Wey and loses puck.
12:05 of 1st period - Snap shot by Yannick Weber.
12:05 of 1st period - Shot Misses the Net.
12:07 of 1st period - Slapshot by Yannick Weber.
12:07 of 1st period - Stopped by Marc Denis with a rebound.
12:23 of 1st period - Snap shot by Lars Eller.
12:23 of 1st period - Shot Misses the Net.
12:37 of 1st period - Snap shot by Marc-André Bernier.
12:37 of 1st period - Goal by Marc-André Bernier - Sasquatch : 0 - Senators : 4.
12:37 of 1st period - Jake Allen enters game.
12:38 of 1st period - Stephane Da Costa wins face-off versus Cody Hodgson in neutral zone.
13:08 of 1st period - Slapshot by Josh Hennessy.
13:08 of 1st period - Stopped by Jake Allen with a rebound.
13:10 of 1st period - Snap shot by Shane Sims.
13:10 of 1st period - Shot Misses the Net.
13:54 of 1st period - Slapshot by Nick Leddy.
13:54 of 1st period - Stopped by Marc Denis with a rebound.
13:56 of 1st period - Slapshot by Radko Gudas.
13:56 of 1st period - Stopped by Marc Denis without a rebound.
13:57 of 1st period - Cody Hodgson wins face-off versus Stephane Da Costa in Senators zone.
13:57 of 1st period - Cody Hodgson is hit by D.J King.
14:12 of 1st period - Snap shot by D.J King.
14:12 of 1st period - Shot Misses the Net.
14:41 of 1st period - Icing by Yann Sauvé.
14:42 of 1st period - Nick Bjugstad wins face-off versus Lars Eller in Sasquatch zone.
14:43 of 1st period - Wrist shot by Jaden Schwartz.
14:43 of 1st period - Deflect By Matt Frattin.
14:43 of 1st period - Shot Misses the Net.
14:43 of 1st period - Puck is out of play.
14:44 of 1st period - Lars Eller wins face-off versus Nick Bjugstad in Sasquatch zone.
14:44 of 1st period - Lars Eller is hit by Logan Stephenson.
14:52 of 1st period - Snap shot by Josh Bailey.
14:52 of 1st period - Stopped by Marc Denis with a rebound.
14:54 of 1st period - Slapshot by Nick Leddy.
14:54 of 1st period - Shot Blocked by Jaden Schwartz.
14:56 of 1st period - Slapshot by Nick Leddy.
14:56 of 1st period - Shot Misses the Net.
14:58 of 1st period - Slapshot by Jesper Fast.
14:58 of 1st period - Stopped by Marc Denis without a rebound.
14:59 of 1st period - Stephane Da Costa wins face-off versus Cody Hodgson in Senators zone.
15:20 of 1st period - Minor Penalty to Cody Hodgson for Hooking.
15:21 of 1st period - Mikael Backlund wins face-off versus Sergei Kostitsyn in Senators zone.
15:22 of 1st period - Slapshot by Linus Omark.
15:22 of 1st period - Shot Misses the Net.
15:30 of 1st period - Snap shot by Jason Akeson.
15:30 of 1st period - Stopped by Marc Denis with a rebound.
15:32 of 1st period - Snap shot by Jason Akeson.
15:32 of 1st period - Stopped by Marc Denis without a rebound.
15:33 of 1st period - Mikael Backlund wins face-off versus Sergei Kostitsyn in Senators zone.
15:34 of 1st period - Slapshot by Linus Omark.
15:34 of 1st period - Deflect By Andy Hilbert.
15:34 of 1st period - Shot Blocked by Sergei Kostitsyn.
15:34 of 1st period - Puck is out of play.
15:35 of 1st period - Sergei Kostitsyn wins face-off versus Mikael Backlund in Senators zone.
17:20 of 1st period - Penalty to Cody Hodgson is over, Cody Hodgson is back on ice.
17:32 of 1st period - Slapshot by Shane Sims.
17:32 of 1st period - Shot Misses the Net.
17:34 of 1st period - Wrist shot by Matt Frattin.
17:34 of 1st period - Shot Misses the Net.
17:36 of 1st period - Slapshot by Shane Sims.
17:36 of 1st period - Shot Misses the Net.
17:38 of 1st period - Slapshot by Logan Stephenson.
17:38 of 1st period - Stopped by Jake Allen with a rebound.
17:40 of 1st period - Slapshot by Logan Stephenson.
17:40 of 1st period - Stopped by Jake Allen with a rebound.
17:42 of 1st period - Slapshot by Shane Sims.
17:42 of 1st period - Stopped by Jake Allen with a rebound.
17:44 of 1st period - Snap shot by Matt Frattin.
17:44 of 1st period - Goal by Matt Frattin - Sasquatch : 0 - Senators : 5.
17:45 of 1st period - Cody Hodgson wins face-off versus Mikael Backlund in neutral zone.
18:12 of 1st period - Wrist shot by Jaden Schwartz.
18:12 of 1st period - Stopped by Jake Allen with a rebound.
18:26 of 1st period - Snap shot by Jason Akeson.
18:26 of 1st period - Goal by Jason Akeson - Sasquatch : 1 - Senators : 5.
18:27 of 1st period - Cody Hodgson wins face-off versus Stephane Da Costa in neutral zone.
18:34 of 1st period - Wrist shot by Cody Hodgson.
18:34 of 1st period - Shot Misses the Net.
18:36 of 1st period - Wrist shot by Sergei Kostitsyn.
18:36 of 1st period - Stopped by Jake Allen with a rebound.
18:38 of 1st period - Slapshot by Cody Hodgson.
18:38 of 1st period - Goal by Cody Hodgson - Sasquatch : 1 - Senators : 6.
18:39 of 1st period - Mikael Backlund wins face-off versus Cody Hodgson in neutral zone.
18:42 of 1st period - Shane Sims is hit by Radko Gudas and loses puck.
19:52 of 1st period - Slapshot by Radko Gudas.
19:52 of 1st period - Stopped by Marc Denis with a rebound.
19:55 of 1st period - Icing by Andy Hilbert.
19:56 of 1st period - Mikael Backlund wins face-off versus Mark Olver in Senators zone.
Goals for this period are 1 for Sasquatch vs 6 for Senators.
Shots for this period are 12 for Sasquatch vs 20 for Senators.
2nd period
0:01 of 2nd period - Cody Hodgson wins face-off versus Mikael Backlund in neutral zone.
0:06 of 2nd period - Wrist shot by Sergei Kostitsyn.
0:06 of 2nd period - Shot Misses the Net.
0:08 of 2nd period - Wrist shot by Sergei Kostitsyn.
0:08 of 2nd period - Shot Hit the Post.
0:10 of 2nd period - Snap shot by Sergei Kostitsyn.
0:10 of 2nd period - Shot Misses the Net.
0:12 of 2nd period - Wrist shot by Logan Stephenson.
0:12 of 2nd period - Stopped by Jake Allen without a rebound.
0:13 of 2nd period - Stephane Da Costa wins face-off versus Cody Hodgson in Sasquatch zone.
0:57 of 2nd period - Snap shot by Sergei Kostitsyn.
0:57 of 2nd period - Shot Misses the Net.
0:59 of 2nd period - Slapshot by Stanislav Chistov.
0:59 of 2nd period - Stopped by Jake Allen with a rebound.
1:01 of 2nd period - Snap shot by Cody Hodgson.
1:01 of 2nd period - Stopped by Jake Allen without a rebound.
1:02 of 2nd period - Mikael Backlund wins face-off versus Josh Hennessy in Sasquatch zone.
1:51 of 2nd period - Martin Marincin is hit by Garnet Hathaway and loses puck.
2:40 of 2nd period - Slapshot by Andy Hilbert.
2:40 of 2nd period - Stopped by Jake Allen without a rebound.
2:41 of 2nd period - Cody Hodgson wins face-off versus Mikael Backlund in Sasquatch zone.
2:44 of 2nd period - Snap shot by Stanislav Chistov.
2:44 of 2nd period - Shot Misses the Net.
2:58 of 2nd period - Arturs Kulda is hit by Cody Hodgson.
3:08 of 2nd period - Shane Sims is hit by Ryan Strome and loses puck.
3:17 of 2nd period - Slapshot by Logan Stephenson.
3:17 of 2nd period - Stopped by Jake Allen with a rebound.
3:57 of 2nd period - Linus Omark is hit by Cody Hodgson.
4:12 of 2nd period - Snap shot by Gabriel Bourque.
4:12 of 2nd period - Stopped by Jake Allen with a rebound.
4:26 of 2nd period - Snap shot by Josh Bailey.
4:26 of 2nd period - Shot Misses the Net.
4:28 of 2nd period - Minor Penalty to Andy Hilbert for High sticking.
4:29 of 2nd period - Sergei Kostitsyn wins face-off versus Mikael Backlund in Senators zone.
4:44 of 2nd period - Wrist shot by Linus Omark.
4:44 of 2nd period - Shot Misses the Net.
4:54 of 2nd period - Nick Leddy is hit by Shane Sims and loses puck.
5:25 of 2nd period - Arturs Kulda is hit by Nick Bjugstad and loses puck.
6:28 of 2nd period - Penalty to Andy Hilbert is over, Andy Hilbert is back on ice.
6:34 of 2nd period - Snap shot by Andy Hilbert.
6:34 of 2nd period - Stopped by Jake Allen without a rebound.
6:35 of 2nd period - Mark Olver wins face-off versus Lars Eller in Sasquatch zone.
7:05 of 2nd period - Wrist shot by Drew Shore.
7:05 of 2nd period - Shot Misses the Net.
7:21 of 2nd period - Wrist shot by Cody Hodgson.
7:21 of 2nd period - Goal by Cody Hodgson - Sasquatch : 1 - Senators : 7.
7:22 of 2nd period - Mikael Backlund wins face-off versus Cody Hodgson in neutral zone.
7:36 of 2nd period - Minor Penalty to Mikael Backlund for Hooking.
7:37 of 2nd period - Drew Shore wins face-off versus Cody Hodgson in Sasquatch zone.
7:46 of 2nd period - Wrist shot by Drew Shore.
7:46 of 2nd period - Shot Misses the Net.
7:48 of 2nd period - Wrist shot by D.J King.
7:48 of 2nd period - Shot Misses the Net.
9:03 of 2nd period - Jack Skille is hit by Drew Shore and loses puck.
9:36 of 2nd period - Penalty to Mikael Backlund is over, Mikael Backlund is back on ice.
10:02 of 2nd period - Slapshot by Lars Eller.
10:02 of 2nd period - Stopped by Marc Denis with a rebound.
10:04 of 2nd period - Snap shot by Jesper Fast.
10:04 of 2nd period - Stopped by Marc Denis with a rebound.
10:58 of 2nd period - Slapshot by Jonathan Blum.
10:58 of 2nd period - Deflect By Stephane Da Costa.
10:58 of 2nd period - Shot Misses the Net.
10:58 of 2nd period - Puck is out of play.
10:59 of 2nd period - Nick Bjugstad wins face-off versus Stephane Da Costa in Senators zone.
10:59 of 2nd period - Nick Bjugstad is hit by Garnet Hathaway.
11:10 of 2nd period - Wrist shot by Stephane Da Costa.
11:10 of 2nd period - Stopped by Marc Denis with a rebound.
12:16 of 2nd period - Martin Marincin is hit by Drew Shore and loses puck.
12:35 of 2nd period - Wrist shot by Cody Hodgson.
12:35 of 2nd period - Deflect By Jonathan Blum.
12:35 of 2nd period - Goal by Cody Hodgson - Sasquatch : 1 - Senators : 8.
12:35 of 2nd period - Corey Crawford enters game.
12:36 of 2nd period - Mikael Backlund wins face-off versus Cody Hodgson in neutral zone.
13:08 of 2nd period - Snap shot by Sergei Kostitsyn.
13:08 of 2nd period - Stopped by Corey Crawford with a rebound.
13:32 of 2nd period - Wrist shot by Cody Hodgson.
13:32 of 2nd period - Shot Misses the Net.
14:29 of 2nd period - Garnet Hathaway is hit by Sergei Kostitsyn and loses puck.
14:42 of 2nd period - Snap shot by Stephane Da Costa.
14:42 of 2nd period - Stopped by Marc Denis without a rebound.
14:43 of 2nd period - Mikael Backlund wins face-off versus Josh Hennessy in Senators zone.
14:47 of 2nd period - Minor Penalty to Gabriel Bourque for Boarding.
14:48 of 2nd period - Mikael Backlund wins face-off versus Mark Olver in Senators zone.
14:48 of 2nd period - Snap shot by Jason Akeson.
14:48 of 2nd period - Stopped by Marc Denis without a rebound.
14:49 of 2nd period - Mikael Backlund wins face-off versus Mark Olver in Senators zone.
14:50 of 2nd period - Snap shot by Linus Omark.
14:50 of 2nd period - Shot Blocked by Patrick Wey.
14:52 of 2nd period - Slapshot by Arturs Kulda.
14:52 of 2nd period - Deflect By Patrick Wey.
14:52 of 2nd period - Stopped by Marc Denis without a rebound.
14:53 of 2nd period - Mark Olver wins face-off versus Mikael Backlund in Senators zone.
15:19 of 2nd period - Icing by D.J King.
15:20 of 2nd period - Stephane Da Costa wins face-off versus Nick Bjugstad in Sasquatch zone.
15:48 of 2nd period - Slapshot by Stephane Da Costa.
15:48 of 2nd period - Shot Blocked by Logan Stephenson.
15:50 of 2nd period - Snap shot by D.J King.
15:50 of 2nd period - Goal by D.J King - Sasquatch : 2 - Senators : 8.
15:51 of 2nd period - Mikael Backlund wins face-off versus Josh Hennessy in neutral zone.
16:47 of 2nd period - Snap shot by Josh Bailey.
16:47 of 2nd period - Stopped by Marc Denis without a rebound.
16:48 of 2nd period - Josh Hennessy wins face-off versus Mikael Backlund in Senators zone.
17:24 of 2nd period - Snap shot by Linus Omark.
17:24 of 2nd period - Stopped by Marc Denis with a rebound.
17:28 of 2nd period - Snap shot by Linus Omark.
17:28 of 2nd period - Shot Blocked by Logan Stephenson.
17:30 of 2nd period - Wrist shot by Jason Akeson.
17:30 of 2nd period - Shot Misses the Net.
17:32 of 2nd period - Slapshot by Mikael Backlund.
17:32 of 2nd period - Stopped by Marc Denis without a rebound.
17:33 of 2nd period - Jack Skille wins face-off versus Stephane Da Costa in Senators zone.
17:39 of 2nd period - Off-side.
17:40 of 2nd period - Josh Hennessy wins face-off versus Stephane Da Costa in neutral zone.
17:43 of 2nd period - Snap shot by Gabriel Bourque.
17:43 of 2nd period - Stopped by Corey Crawford with a rebound.
17:45 of 2nd period - Snap shot by Jeff Petry.
17:45 of 2nd period - Stopped by Corey Crawford with a rebound.
17:57 of 2nd period - Icing by Jeff Petry.
17:58 of 2nd period - Josh Hennessy wins face-off versus Mikael Backlund in Senators zone.
18:07 of 2nd period - Snap shot by Linus Omark.
18:07 of 2nd period - Shot Misses the Net.
18:09 of 2nd period - Slapshot by Arturs Kulda.
18:09 of 2nd period - Shot Blocked by Jack Skille.
18:11 of 2nd period - Slapshot by Arturs Kulda.
18:11 of 2nd period - Shot Blocked by Jeff Petry.
18:35 of 2nd period - Slapshot by Sergei Kostitsyn.
18:35 of 2nd period - Shot Blocked by Yannick Weber.
18:49 of 2nd period - Slapshot by Josh Bailey.
18:49 of 2nd period - Stopped by Marc Denis with a rebound.
18:51 of 2nd period - Snap shot by Lars Eller.
18:51 of 2nd period - Deflect By Josh Bailey.
18:51 of 2nd period - Stopped by Marc Denis with a rebound.
18:53 of 2nd period - Snap shot by Lars Eller.
18:53 of 2nd period - Goal by Lars Eller - Sasquatch : 3 - Senators : 8.
18:54 of 2nd period - Mikael Backlund wins face-off versus Josh Hennessy in neutral zone.
19:09 of 2nd period - Snap shot by Linus Omark.
19:09 of 2nd period - Shot Blocked by Logan Stephenson.
19:19 of 2nd period - Stanislav Chistov is hit by D.J King and loses puck.
19:45 of 2nd period - Matt Frattin is hit by Josh Bailey and loses puck.
19:54 of 2nd period - Minor Penalty to Logan Stephenson for Slashing.
19:55 of 2nd period - Sergei Kostitsyn wins face-off versus Mikael Backlund in Senators zone.
19:55 of 2nd period - Sergei Kostitsyn is hit by Jason Akeson.
Goals for this period are 2 for Sasquatch vs 2 for Senators.
Shots for this period are 13 for Sasquatch vs 12 for Senators.
3rd period
0:01 of 3rd period - Sergei Kostitsyn wins face-off versus Mikael Backlund in neutral zone.
0:12 of 3rd period - Slapshot by Mikael Backlund.
0:12 of 3rd period - Stopped by Marc Denis without a rebound.
0:13 of 3rd period - Mikael Backlund wins face-off versus Andy Hilbert in Senators zone.
1:54 of 3rd period - Penalty to Logan Stephenson is over, Logan Stephenson is back on ice.
2:33 of 3rd period - Snap shot by Sergei Kostitsyn.
2:33 of 3rd period - Stopped by Corey Crawford with a rebound.
2:51 of 3rd period - Drew Shore is hit by Jack Skille and loses puck.
3:23 of 3rd period - Jeff Petry is hit by Jesper Fast and loses puck.
5:24 of 3rd period - Sergei Kostitsyn is hit by Drew Shore and loses puck.
5:55 of 3rd period - Andy Hilbert is hit by D.J King and loses puck.
6:08 of 3rd period - Snap shot by Lars Eller.
6:08 of 3rd period - Shot Misses the Net.
6:28 of 3rd period - Snap shot by Jaden Schwartz.
6:28 of 3rd period - Deflect By Matt Frattin.
6:28 of 3rd period - Shot Misses the Net.
6:28 of 3rd period - Puck is out of play.
6:29 of 3rd period - Mikael Backlund wins face-off versus Nick Bjugstad in Sasquatch zone.
6:56 of 3rd period - Patrick Wey is hit by Jonathan Blum and loses puck.
7:19 of 3rd period - Josh Hennessy is hit by Lars Eller and loses puck.
7:36 of 3rd period - Shane Sims is hit by Radko Gudas and loses puck.
7:41 of 3rd period - Backhand shot by Linus Omark.
7:41 of 3rd period - Stopped by Marc Denis without a rebound.
7:42 of 3rd period - Mikael Backlund wins face-off versus Cody Hodgson in Senators zone.
7:55 of 3rd period - Wrist shot by Linus Omark.
7:55 of 3rd period - Goal by Linus Omark - Sasquatch : 4 - Senators : 8.
7:56 of 3rd period - Stanislav Chistov wins face-off versus Mikael Backlund in neutral zone.
7:58 of 3rd period - Minor Penalty to Jeff Petry for Tripping.
7:59 of 3rd period - Mikael Backlund wins face-off versus Sergei Kostitsyn in Senators zone.
9:58 of 3rd period - Penalty to Jeff Petry is over, Jeff Petry is back on ice.
10:24 of 3rd period - Minor Penalty to Drew Shore for Kneeing.
10:25 of 3rd period - Brock Trotter wins face-off versus Cody Hodgson in Sasquatch zone.
10:36 of 3rd period - Slapshot by Patrick Wey.
10:36 of 3rd period - Shot Misses the Net.
10:38 of 3rd period - Slapshot by Jeff Petry.
10:38 of 3rd period - Stopped by Corey Crawford without a rebound.
10:39 of 3rd period - Sergei Kostitsyn wins face-off versus Brock Trotter in Sasquatch zone.
11:12 of 3rd period - Shane Sims is hit by Jonathan Blum and loses puck.
11:19 of 3rd period - D.J King is hit by Shane Sims and loses puck.
11:31 of 3rd period - Icing by Jeff Petry.
11:32 of 3rd period - Cody Hodgson wins face-off versus Stephane Da Costa in Senators zone.
11:32 of 3rd period - Cody Hodgson is hit by Yann Sauvé.
11:56 of 3rd period - Backhand shot by Josh Hennessy.
11:56 of 3rd period - Shot Misses the Net.
12:12 of 3rd period - Radko Gudas is hit by Sergei Kostitsyn and loses puck.
12:24 of 3rd period - Penalty to Drew Shore is over, Drew Shore is back on ice.
12:37 of 3rd period - Slapshot by Linus Omark.
12:37 of 3rd period - Stopped by Marc Denis with a rebound.
12:39 of 3rd period - Snap shot by Linus Omark.
12:39 of 3rd period - Stopped by Marc Denis without a rebound.
12:40 of 3rd period - Mikael Backlund wins face-off versus Matt Frattin in Senators zone.
13:06 of 3rd period - Minor Penalty to Arturs Kulda for Hooking.
13:07 of 3rd period - Cody Hodgson wins face-off versus Drew Shore in Sasquatch zone.
13:18 of 3rd period - Snap shot by Stanislav Chistov.
13:18 of 3rd period - Shot Misses the Net.
13:22 of 3rd period - Snap shot by Sergei Kostitsyn.
13:22 of 3rd period - Stopped by Corey Crawford with a rebound.
14:04 of 3rd period - Off-side.
14:05 of 3rd period - Lars Eller wins face-off versus Cody Hodgson in neutral zone.
14:34 of 3rd period - Wrist shot by Cody Hodgson.
14:34 of 3rd period - Goal by Cody Hodgson - Sasquatch : 4 - Senators : 9.
14:35 of 3rd period - Mikael Backlund wins face-off versus Josh Hennessy in neutral zone.
14:38 of 3rd period - Gabriel Bourque is hit by Radko Gudas and loses puck.
15:45 of 3rd period - Mark Olver is hit by Ryan Strome and loses puck.
16:02 of 3rd period - Nicolas Deslauriers is hit by Jason Akeson and loses puck.
16:29 of 3rd period - Snap shot by Sergei Kostitsyn.
16:29 of 3rd period - Stopped by Corey Crawford with a rebound.
16:52 of 3rd period - Minor Penalty to Logan Stephenson for Holding.
16:53 of 3rd period - Sergei Kostitsyn wins face-off versus Jason Akeson in Senators zone.
17:20 of 3rd period - Icing by Nick Leddy.
17:21 of 3rd period - Sergei Kostitsyn wins face-off versus Stephane Da Costa in Sasquatch zone.
17:24 of 3rd period - Snap shot by Andy Hilbert.
17:24 of 3rd period - Shot Misses the Net.
18:52 of 3rd period - Penalty to Logan Stephenson is over, Logan Stephenson is back on ice.
19:49 of 3rd period - Wrist shot by Lars Eller.
19:49 of 3rd period - Shot Misses the Net.
19:55 of 3rd period - Wrist shot by Lars Eller.
19:55 of 3rd period - Shot Misses the Net.
Goals for this period are 1 for Sasquatch vs 1 for Senators.
Shots for this period are 5 for Sasquatch vs 5 for Senators.
Back to the Top